 Dungeon Crawl Stone Soup version 0.30-a0-142-g7370640ec8 (webtiles) character file.

Game seed: 9063710067914762635

202 qw the Chopper (level 5, -3/33 HPs)
             Began as a Gargoyle Fighter on Sept 25, 2022.
             Slain by an ogre
             ... wielding a +0 giant spiked club
              (11 damage)
             ... on level 4 of the Dungeon.
             The game lasted 00:01:10 (3304 turns).

qw the Chopper (Gargoyle Fighter)                   Turns: 3304, Time: 00:01:10

Health: -3/33      AC: 14    Str: 21    XL:     5   Next: 80%
Magic:  0/5        EV:  7    Int:  9    God:
Gold:   176        SH:  4    Dex:  9    Spells: 4/4 levels left

rFire   . . .      SeeInvis .    Y - +1 war axe
rCold   . . .      Faith    .    c - +0 buckler
rNeg    + . .      Spirit   +    m - +0 chain mail
rPois   inf        Reflect  .    (no helmet)
rElec   +          Harm     .    i - +0 cloak
rCorr   +          Rampage  .    (no gloves)
Will    .....                    (no boots)
Stlth   ..........               h - amulet of guardian spirit
HPRegen 0.11/turn                e - ring of resist corrosion
MPRegen 0.09/turn                (no ring)

@: no status effects
A: sickness immunity, AC +4, negative energy resistance 1, electricity
resistance, torment resistance 1, petrification resistance, mutation resistance
1
a: no special abilities


You were on level 4 of the Dungeon.
You visited 1 branch of the dungeon, and saw 4 of its levels.

You collected 176 gold pieces.


Innate Abilities, Weirdness & Mutations

You are immune to sickness and miasma.
Your stone body is resilient. (AC +4)
You are immune to poison.
You resist negative energy. (rN+)
You are resistant to electric shocks. (rElec)
You are resistant to unholy torment.
You are immune to petrification.
You are somewhat resistant to further mutation.


   Skills:
 + Level 3.9 Fighting
 - Level 5.0 Axes
 - Level 3.2 Armour
 - Level 3.2 Shields


You had 4 spell levels left.
You didn't know any spells.
Your spell library was empty.

Inventory:

Hand Weapons
 n - a +0 morningstar
 Y - a +1 war axe (weapon)
Missiles
 a - 4 boomerangs (quivered)
Armour
 c - a +0 buckler (worn)
 i - a +0 cloak (worn)
 m - a +0 chain mail (worn)
Jewellery
 e - a ring of resist corrosion (left hand)
 h - an amulet of guardian spirit (around neck)
 j - an amulet of the acrobat
Scrolls
 b - 2 scrolls of identify
Potions
 d - 2 potions of might
 f - a potion of ambrosia {unknown}
 g - a potion of mutation
 l - a potion of flight {unknown}

Dungeon Overview and Level Annotations

Branches:
Dungeon (4/15)
 Temple: D:4-7

Altars:
Gozag
Makhleb
Wu Jian

Shops:
D:2 :

Annotations:
D:3 1 runed translucent door, Crazy Yiuf


Message History

Enter note: You closely miss the hound.
The hound bites you but does no damage. You block the hound's attack.
You slash the hound!
The hound is severely wounded.
The hound bites you but does no damage. The hound closely misses you.
You hit the hound.
The hound is almost dead.
The hound bites you but does no damage. x2
You slash the hound!
You kill the hound!
You see here a hound corpse.
b - 2 scrolls of identify (gained 1)
You open the door.
An ogre and a ball python come into view.
The ogre shouts!
Enter note: Throw: 4 boomerangs
Press: ? - help, Q - select action Shift-Dir - straight line, f - ball python You throw a boomerang.
The boomerang hits the ball python.
The ball python is moderately wounded.
Throw: 4 boomerangs
Press: ? - help, Q - select action Shift-Dir - straight line, f/p - ball python You throw a boomerang.
The boomerang closely misses the ball python.
The boomerang hits the ogre.
The ogre is lightly wounded.
You hit the ball python.
You kill the ball python!
You completely miss the ogre.
The ogre is lightly wounded.
The ogre hits you with a +0 giant spiked club!!
Ouch! That really hurt!
You barely miss the ogre.
The ogre is lightly wounded.
The ogre hits you with a +0 giant spiked club!
You closely miss the ogre.
The ogre is lightly wounded.
The ogre hits you with a +0 giant spiked club!
You die...

#.# #..# #~~..
#####..####
#~..#
#.........#
#~.##
####.###...#.#
#~..#
#............#
#~~..
####.###...#.#
~~. ####.#
##.##%#
#O####....#
####..
#.@....####
### ########


You could see an ogre.

Vanquished Creatures
  A hound (D:4)
  An orc priest (D:4)
  An orc wizard (D:4)
  3 adders
  2 dart slugs
  10 orcs
  7 ball pythons
  4 endoplasms
  6 giant cockroaches
  6 goblins
  8 hobgoblins
  2 jackals (D:4)
  5 bats
  4 frilled lizards
  12 kobolds
  4 rats
76 creatures vanquished.

Notes
Turn   | Place    | Note
-------+----------+-------------------------------------------
     0 | D:1      | qw the Gargoyle Fighter began the quest for the Orb.
     0 | D:1      | Reached XP level 1. HP: 14/14 MP: 1/1
     0 | D:1      | 0 ||| qw: Version: 0.2-a-10-g399e6c4
     0 | D:1      | 0 ||| qw: Game counter: 424
     0 | D:1      | 0 ||| qw: Always use a shield: true
     0 | D:1      | 0 ||| qw: God list: Okawaru
     0 | D:1      | 0 ||| qw: Allow faded altars: false
     0 | D:1      | 0 ||| qw: Do Orc after D:15 true
     0 | D:1      | 0 ||| qw: Do second Lair branch before Depths: true
     0 | D:1      | 0 ||| qw: Lair rune preference: random
     0 | D:1      | 0 ||| qw: Plans: Normal, Zot:1-4, God:TSO, Crypt, Tomb,
                  | Pan, Slime:5, Hells, Abyss, Orb
     0 | D:1      | 0 ||| PLANNING D:1-11
    23 | D:1      | Reached skill level 2 in Axes
    64 | D:1      | Reached XP level 2. HP: 19/19 MP: 2/2
   133 | D:1      | 133 ||| Stepping ~*~*~tactically~*~*~ (stealth).
   160 | D:1      | 160 ||| Stepping ~*~*~tactically~*~*~ (stealth).
   163 | D:1      | 163 ||| Stepping ~*~*~tactically~*~*~ (stealth).
   573 | D:1      | Found a faded altar of an unknown god.
   672 | D:1      | 672 ||| UPGRADING to +0 cloak.
   677 | D:1      | 677 ||| UPGRADING to amulet of guardian spirit.
   682 | D:1      | 682 ||| UPGRADING to ring of resist corrosion.
   683 | D:1      | 683 ||| READING scroll labelled ROPNOY OXOADI.
   684 | D:1      | 684 ||| READING scroll labelled POCVUE SUOTAOCK.
   685 | D:1      | 685 ||| READING scroll labelled DUSITI GIUS.
   731 | D:2      | 731 ||| Stepping ~*~*~tactically~*~*~ (stealth).
   742 | D:2      | 742 ||| Stepping ~*~*~tactically~*~*~ (stealth).
   750 | D:2      | Reached skill level 3 in Axes
   750 | D:2      | Reached XP level 3. HP: 23/23 MP: 3/3
  1075 | D:2      | 1075 ||| Stepping ~*~*~tactically~*~*~ (stealth).
  1082 | D:2      | 1082 ||| Stepping ~*~*~tactically~*~*~ (stealth).
  1261 | D:2      | Found Rapo's Vocational Training.
  1367 | D:2      | 1367 ||| UPGRADING to +0 chain mail.
  1377 | D:2      | 1377 ||| DROPPING +0 scale mail.
  1378 | D:2      | 1378 ||| READING scroll labelled FAKHESCH HITUBB.
  1479 | D:2      | 1479 ||| READING scroll labelled ZAQEMM DEOCEJE.
  1480 | D:2      | 1480 ||| READING scroll labelled UNINTOHU OPTO.
  1517 | D:3      | 1517 ||| Stepping ~*~*~tactically~*~*~ (hiding).
  1525 | D:3      | Reached XP level 4. HP: 20/28 MP: 2/4
  1839 | D:3      | Reached skill level 4 in Axes
  1846 | D:3      | Found a burning altar of Makhleb.
  2092 | D:3      | 2092 ||| Stepping ~*~*~tactically~*~*~ (hiding).
  2232 | D:3      | Found a runed translucent door.
  2233 | D:3      | Noticed Crazy Yiuf
  2302 | D:3      | 2302 ||| Stepping ~*~*~tactically~*~*~ (hiding).
  2461 | D:3      | Found an ornate altar of the Wu Jian Council.
  2498 | D:3      | 2498 ||| READING 2 scrolls labelled NIGUOZX ITWITS.
  2499 | D:3      | 2499 ||| DRINKING 2 bubbling grey potions.
  2499 | D:3      | Gained mutation: You are somewhat resistant to further
                  | mutation. [potion of mutation]
  2500 | D:3      | 2500 ||| DRINKING 2 bubbling brown potions.
  2501 | D:3      | 2501 ||| DROPPING potion of degeneration.
  2502 | D:3      | 2502 ||| DROPPING scroll of blinking.
  2543 | D:4      | Found an opulent altar of Gozag.
  2668 | D:4      | Found Moynagh's Distillery.
  2673 | D:4      | 2673 ||| Stepping ~*~*~tactically~*~*~ (hiding).
  2696 | D:4      | Reached XP level 5. HP: 17/32 MP: 3/5
  2704 | D:4      | HP: 8/32 [something (2)]
  3061 | D:4      | 3061 ||| DROPPING +0 mace.
  3121 | D:4      | Reached skill level 5 in Axes
  3297 | D:4      | Noticed an ogre
  3303 | D:4      | HP: 8/33 [ogre/+0 giant spiked club (9)]
  3304 | D:4      | Slain by an ogre

Levels and vault maps discovered:
D:1:      dpeg_arrival_connections, layout_rooms,
          chequers_ecumenical_altar_twisty, st_stairs_2
D:2:      minmay_evil_eye, layout_loops_ring, nicolae_shop_vocational
D:3:      layout_loops_ring, bloody_makhleb, nzn_wu_jian_council_hall,
          uniq_crazy_yiuf_cottage
D:4:      cheibrodos_thug_alley, layout_loops_corners,
          mainiacjoe_overflow_small_starburst, minmay_shop_grid_forest,
          kennysheep_generic_room_8, uniq_sigmund

Skill      XL: |  1  2  3  4  5 |
---------------+----------------+-----
Axes           | 2 3 4 5 |  5.0
Fighting       | |  3.9
Armour         | |  3.2
Shields        | |  3.2

Action                   |  1- 3 |  4- 6 || total
-------------------------+-------+-------++-------
Melee: War axe           |   101 |   104 ||   205
Throw: Boomerang         |       |    32 ||    32
  Use: Scroll            |     6 |     1 ||     7
       Potion            |       |     2 ||     2
Armor: Scale mail        |    40 |       ||    40
       Chain mail        |     2 |    75 ||    77
Dodge: Dodged            |    55 |    45 ||   100
Block: Buckler           |    15 |    12 ||    27

Table legend:
 A = Non-vault XP
 B = Vault XP
 C = Vault XP percentage of total XP
 D = Non-vault monster count
 E = Vault monster count
 F = Vault count percentage of total count
                 A         B        C        D         E       F
            +---------+---------+-------+---------+---------+-------
      Total |     276 |      13 |   4.5 |      67 |       9 |  11.8
            +---------+---------+-------+---------+---------+-------
        D:1 |      20 |       4 |  16.7 |      13 |       3 |  18.8
        D:2 |      50 |       3 |   5.7 |      15 |       2 |  11.8
        D:3 |      36 |       0 |   0.0 |      19 |       0 |   0.0
        D:4 |     170 |       6 |   3.4 |      20 |       4 |  16.7
            +---------+---------+-------+---------+---------+-------
